AoeStats
← flegrea44

Fortress

508688619Analyzed
4v4 RM · 10d ago on Sep 23, 2026· 44m 44s· 8 players
Game mode
Random Map
Map size
Huge
Population
200
Speed
Normal
Resources
Standard
Victory
Conquest
Starting age
Dark Age
Ending age
Imperial Age
RankedLock teamsTeams togetherTeam positionsShared explorationLock speedFull tech treeHidden civsTurbo modeCheats
Victory
Defeat
🇺🇸 Mongols · United States
1158
+15
🇲🇽 Persians · Mexico
1123
+16
🇺🇸 Japanese · United States
1099
+17
🇺🇸 Varangians · United States
1070
+18
🇮🇹 Persians · Italy
1187
-19
🇸🇬 Tupi · Singapore
1141
-17
🇩🇪 Persians · Germany
1097
-15
🇪🇸 Celts · Spain
1078
-15
blizzopop
7:06 Feudal Age
11:22 Castle Age
9:29 Double-Bit Axe
18:12 Wheelbarrow
17:20 Horse Collar
21:53 Imperial Age
19:25 Gold Mining
20:05 Bow Saw
19:57 Heavy Plow
21:28 Gold Shaft Mining
21:21 Fletching
22:48 Padded Archer Armor
23:11 Stone Mining
23:57 Bodkin Arrow
24:56 Ballistics
25:07 Leather Archer Armor
25:24 Bracer
25:49 Hand Cart
25:20 Loom
27:10 Bloodlines
28:18 Thumb Ring
28:15 Husbandry
29:08 Stone Shaft Mining
30:05 Conscription
30:39 Parthian Tactics
31:17 Chemistry
29:47 Light Cavalry
30:37 Heavy Cavalry Archer
31:01 Elite Mangudai
33:49 Murder Holes
35:54 Loom
35:55 Town Watch
38:36 Town Patrol
38:02 Hussar
38:48 Scale Barding Armor
tmams33
9:08 Feudal Age
10:21 Horse Collar
10:28 Double-Bit Axe
10:44 Gold Mining
13:06 Castle Age
14:54 Heavy Plow
15:05 Bow Saw
15:44 Loom
22:05 Wheelbarrow
23:43 Hand Cart
23:13 Town Watch
24:57 Arson
28:26 Imperial Age
26:32 Scale Mail Armor
26:43 Forging
28:22 Squires
28:13 Gambesons
29:09 Iron Casting
28:49 Chain Mail Armor
28:38 Town Patrol
29:34 Fervor
28:50 Gothikon
29:51 Conscription
29:46 Siege Engineers
30:42 Chemistry
29:23 Treadmill Crane
30:49 Blast Furnace
30:04 Elite Varangian Guard
32:01 Plate Mail Armor
33:08 Elite Jarl
34:45 Masonry
34:31 Murder Holes
34:56 Ballistics
35:26 Fletching
38:11 Man-at-Arms
44:15 Bodkin Arrow
44:20 Padded Archer Armor
44:26 Scale Barding Armor
44:53 Architecture
luisignaciogh
0:47 Loom
8:32 Feudal Age
9:46 Wheelbarrow
12:38 Castle Age
10:31 Double-Bit Axe
11:00 Horse Collar
11:25 Stone Mining
27:00 Gold Mining
27:59 Bow Saw
29:46 Murder Holes
35:56 Imperial Age
36:16 Gold Shaft Mining
35:51 Kamandaran
35:15 Pikeman
35:41 Arson
35:56 Squires
36:26 Heavy Plow
38:29 Chemistry
39:30 Man-at-Arms
scott.hurstell
3:57 Loom
9:07 Feudal Age
9:39 Horse Collar
14:59 Stone Mining
17:28 Castle Age
19:13 Forging
19:03 Scale Mail Armor
19:08 Squires
20:07 Heavy Plow
24:34 Gold Mining
27:24 Iron Casting
27:05 Chain Mail Armor
28:12 Wheelbarrow
27:54 Arson
32:30 Imperial Age
33:38 Elite Samurai
34:40 Conscription
35:23 Blast Furnace
34:53 Plate Mail Armor
35:01 Fortified Wall
FY_Radik
2:04 Loom
7:53 Feudal Age
13:29 Castle Age
11:18 Double-Bit Axe
12:03 Gold Mining
11:55 Horse Collar
12:27 Forging
15:50 Wheelbarrow
15:36 Scale Mail Armor
15:44 Pikeman
25:23 Bow Saw
25:50 Iron Casting
29:48 Imperial Age
28:27 Gold Shaft Mining
29:12 Hand Cart
29:14 Chain Mail Armor
29:55 Capped Ram
29:58 Halberdier
33:01 Onager
35:22 Elite Woad Raider
37:50 Chemistry
37:10 Ballistics
41:04 Blast Furnace
40:35 Plate Mail Armor
40:07 Heavy Plow
kkfloauer
1:48 Loom
6:55 Feudal Age
7:18 Double-Bit Axe
8:13 Wheelbarrow
9:06 Gold Mining
9:17 Horse Collar
15:02 Castle Age
16:08 Scale Barding Armor
16:16 Forging
22:02 Hand Cart
23:45 Light Cavalry
24:35 Stone Mining
25:29 Bloodlines
29:39 Imperial Age
27:42 Fletching
27:52 Padded Archer Armor
28:34 Bow Saw
28:14 Horse Collar
29:33 Bodkin Arrow
29:53 Leather Archer Armor
30:26 Iron Casting
30:12 Chain Barding Armor
29:17 Cavalier
29:58 Husbandry
30:58 Stone Shaft Mining
31:12 Gold Shaft Mining
30:42 Elite War Elephant
31:16 Hussar
33:05 Bodkin Arrow
33:25 Leather Archer Armor
34:55 Chemistry
33:49 Savar
35:43 Ring Archer Armor
36:14 Blast Furnace
flegrea44
8:10 Feudal Age
11:38 Castle Age
9:51 Double-Bit Axe
10:08 Horse Collar
14:42 Bow Saw
20:31 Forging
20:19 Loom
22:05 Wheelbarrow
21:55 Scale Barding Armor
23:02 Iron Casting
23:48 Chain Barding Armor
23:45 Hand Cart
23:53 Heavy Plow
24:21 Husbandry
25:32 Gold Mining
27:18 Fletching
27:28 Padded Archer Armor
27:34 Kamandaran
30:17 Imperial Age
29:02 Gold Shaft Mining
28:33 Town Watch
29:02 Bodkin Arrow
29:24 Crossbowman
30:09 Thumb Ring
30:40 Coinage
30:56 Citadels
31:08 Kamandaran
31:50 Plate Barding Armor
31:28 Town Patrol
32:58 Chemistry
32:08 Elite War Elephant
34:31 Blast Furnace
36:21 Conscription
FatBaby
Connection lost

Rejoining the realm…

Still unreachable

The connection could not be restored.

Session expired

The server has moved on; the page needs a fresh start.